 Dungeon Crawl Stone Soup version 0.29.0-4-gdea44cf6ec (webtiles) character file.

Game seed: 9262120785301584317

102 qw the Chopper (level 4, -7/28 HPs)
             Began as a Gargoyle Fighter on Sept 4, 2022.
             Mangled by Sigmund
             ... wielding a +7 scythe of protection
              (15 damage)
             ... on level 2 of the Dungeon.
             The game lasted 00:01:00 (2064 turns).

qw the Chopper (Gargoyle Fighter)                   Turns: 2064, Time: 00:01:00

Health: -7/28      AC: 12    Str: 21    XL:     4   Next: 78%
Magic:  4/4        EV:  7    Int:  9    God:
Gold:   63         SH:  4    Dex:  9    Spells: 3/3 levels left

rFire   . . .      SeeInvis .   Y - +0 war axe
rCold   . . .      Faith    .   c - +0 buckler
rNeg    + . .      Spirit   .   h - +0 chain mail
rPois   inf        Reflect  .   (no helmet)
rElec   +          Harm     .   (no cloak)
rCorr   .          Rampage  .   (no gloves)
Will    .....                   (no boots)
Stlth   ..........              (no amulet)
HPRegen 0.09/turn               (no ring)
MPRegen 0.09/turn               (no ring)

@: no status effects
A: sickness immunity, AC +3, negative energy resistance 1, electricity
resistance, torment resistance 1, petrification resistance
a: no special abilities


You were on level 2 of the Dungeon.
You visited 1 branch of the dungeon, and saw 2 of its levels.

You collected 63 gold pieces.


Innate Abilities, Weirdness & Mutations

You are immune to sickness and miasma.
Your stone body is resilient. (AC +3)
You are immune to poison.
You resist negative energy. (rN+)
You are resistant to electric shocks. (rElec)
You are resistant to unholy torment.
You are immune to petrification.


   Skills:
 - Level 3.2 Fighting
 + Level 4.4 Axes
 - Level 3.2 Armour
 - Level 3.2 Shields


You had 3 spell levels left.
You didn't know any spells.
Your spell library was empty.

Inventory:

Hand Weapons
 g - a +3 whip
 Y - a +0 war axe (weapon)
Armour
 c - a +0 buckler (worn)
 h - a +0 chain mail (worn)
 i - an orb of light
Potions
 a - a potion of attraction {unknown}
 b - a potion of mutation {unknown}
 d - a potion of might
 e - a potion of degeneration {unknown}
 f - a potion of haste {unknown}

Dungeon Overview and Level Annotations

Branches:
Dungeon (2/15)

Altars:

Annotations:
D:2 Sigmund


Message History

You kill the adder!
You start resting.
HP restored.
You now have 63 gold pieces (gained 13).
You see here an adder corpse.
Sigmund the Dreaded comes into view.
He is wielding a +7 scythe of protection and carrying a wand of roots (3).
Sigmund shouts!
Sigmund moves out of view.
i - an orb of light
2055 ||| Stepping ~*~*~tactically~*~*~ (hiding).
Sigmund gestures wildly while chanting.
Sigmund flickers and vanishes!
Deactivating autopickup; reactivate with Ctrl-A.
You swing at nothing.
Something hits you but does no damage.
You swing at nothing.
You hear some strange, mumbled words.
A puff of flame appears from out of thin air!
You block the puff of flame.
You hear a shout!
You swing at nothing.
You hear a shout!
You hear an angry hiss.
You hear a shout!
You hear some strange, mumbled words.
Something tries to affect you, but you resist.
Something hits you!
Ouch! That really hurt!
You swing at nothing.
You swing at nothing.
Something hits you.
You swing at nothing.
Something hits you but does no damage.
A hobgoblin comes into view.
You barely miss the hobgoblin. Something hits you.
The hobgoblin hits you but does no damage.
You barely miss the hobgoblin.
The hobgoblin hits you but does no damage.
Something hits you!
Ouch! That really hurt!
You die...

#. #. #... ## #..
#.. #.. ##.. .. #{.
#..# ##.# #g###
##..# ...# #.@.###
#...#....# #.....##
#...#....#
#......###.......)#
#.###..##....######
#.# #...#....#
#..##..%#....####..
#..................
###########.#######
......>.))........


You could see a hobgoblin.

Vanquished Creatures
  An orc wizard (D:2)
  2 adders (D:2)
  3 orcs (D:2)
  A ball python (D:2)
  4 endoplasms
  6 giant cockroaches
  4 goblins
  8 hobgoblins
  3 quokkas (D:2)
  7 bats
  3 frilled lizards
  7 kobolds
  4 rats
53 creatures vanquished.

Notes
Turn   | Place    | Note
-------+----------+-------------------------------------------
     0 | D:1      | qw the Gargoyle Fighter began the quest for the Orb.
     0 | D:1      | Reached XP level 1. HP: 14/14 MP: 1/1
     0 | D:1      | 0 ||| qw: Version: 0.1-a-102-g441f92d
     0 | D:1      | 0 ||| qw: Game counter: 5341
     0 | D:1      | 0 ||| qw: Always use a shield: true
     0 | D:1      | 0 ||| qw: God list: Okawaru
     0 | D:1      | 0 ||| qw: Allow faded altars: false
     0 | D:1      | 0 ||| qw: Do Orc after D:15 true
     0 | D:1      | 0 ||| qw: Do second Lair branch before Depths: true
     0 | D:1      | 0 ||| qw: Lair rune preference: random
     0 | D:1      | 0 ||| qw: Plans: Normal
     0 | D:1      | 0 ||| PLANNING D:1-11
    76 | D:1      | Reached skill level 2 in Axes
   477 | D:1      | 477 ||| Stepping ~*~*~tactically~*~*~ (stealth).
   487 | D:1      | Reached XP level 2. HP: 16/19 MP: 2/2
   646 | D:1      | 646 ||| Stepping ~*~*~tactically~*~*~ (stealth).
   650 | D:1      | 650 ||| Stepping ~*~*~tactically~*~*~ (stealth).
   663 | D:1      | 663 ||| Stepping ~*~*~tactically~*~*~ (stealth).
   809 | D:1      | Reached skill level 3 in Axes
   881 | D:1      | Reached XP level 3. HP: 23/23 MP: 3/3
  1199 | D:1      | 1199 ||| UPGRADING to +0 chain mail.
  1209 | D:1      | 1209 ||| DROPPING +0 scale mail.
  1210 | D:1      | 1210 ||| READING scroll labelled VAANYODD ALOIGH.
  1211 | D:1      | 1211 ||| READING scroll labelled MONISHR LILL.
  1214 | D:1      | 1214 ||| READING scroll labelled SITHRI CAKIST.
  1315 | D:2      | 1315 ||| Stepping ~*~*~tactically~*~*~ (stealth).
  1321 | D:2      | 1321 ||| Stepping ~*~*~tactically~*~*~ (stealth).
  1326 | D:2      | 1326 ||| FLEEEEING.
  1327 | D:2      | 1327 ||| FLEEEEING.
  1329 | D:2      | 1329 ||| FLEEEEING.
  1330 | D:2      | 1330 ||| FLEEEEING.
  1331 | D:2      | 1331 ||| FLEEEEING.
  1333 | D:2      | 1333 ||| FLEEEEING.
  1334 | D:2      | 1334 ||| FLEEEEING.
  1335 | D:2      | 1335 ||| FLEEEEING.
  1336 | D:2      | 1336 ||| FLEEEEING.
  1337 | D:2      | 1337 ||| FLEEEEING.
  1338 | D:2      | 1338 ||| FLEEEEING.
  1339 | D:2      | 1339 ||| FLEEEEING.
  1340 | D:2      | 1340 ||| FLEEEEING.
  1341 | D:2      | 1341 ||| FLEEEEING.
  1342 | D:2      | 1342 ||| FLEEEEING.
  1343 | D:2      | 1343 ||| FLEEEEING.
  1344 | D:2      | 1344 ||| FLEEEEING.
  1346 | D:2      | 1346 ||| FLEEEEING.
  1347 | D:2      | 1347 ||| FLEEEEING.
  1348 | D:2      | 1348 ||| FLEEEEING.
  1349 | D:2      | 1349 ||| FLEEEEING.
  1350 | D:2      | 1350 ||| FLEEEEING.
  1353 | D:2      | 1353 ||| FLEEEEING.
  1354 | D:2      | 1354 ||| STAIRDANCE
  1560 | D:2      | Reached XP level 4. HP: 28/28 MP: 4/4
  1631 | D:2      | 1631 ||| Stepping ~*~*~tactically~*~*~ (stealth).
  1632 | D:2      | 1632 ||| Stepping ~*~*~tactically~*~*~ (stealth).
  1633 | D:2      | 1633 ||| Stepping ~*~*~tactically~*~*~ (stealth).
  1644 | D:2      | 1644 ||| Stepping ~*~*~tactically~*~*~ (stealth).
  1691 | D:2      | Reached skill level 4 in Axes
  1701 | D:2      | 1701 ||| Stepping ~*~*~tactically~*~*~ (stealth).
  1711 | D:2      | 1711 ||| Stepping ~*~*~tactically~*~*~ (stealth).
  1829 | D:2      | 1829 ||| Stepping ~*~*~tactically~*~*~ (stealth).
  1830 | D:2      | 1830 ||| Stepping ~*~*~tactically~*~*~ (stealth).
  1843 | D:2      | 1843 ||| Stepping ~*~*~tactically~*~*~ (stealth).
  2053 | D:2      | Noticed Sigmund
  2055 | D:2      | 2055 ||| Stepping ~*~*~tactically~*~*~ (hiding).
  2063 | D:2      | HP: 7/28 [something (4)]
  2064 | D:2      | Mangled by Sigmund

Levels and vault maps discovered:
D:1:      minmay_arrival_checkered_box, layout_basic
D:2:      minmay_recursive_quarters, layout_basic, minmay_tetromino_l4,
          uniq_sigmund

Skill      XL: |  1  2  3  4 |
---------------+-------------+-----
Axes           | 2 3 4 |  4.4
Fighting       | |  3.2
Armour         | |  3.2
Shields        | |  3.2

Action                   |  1- 3 |  4- 6 || total
-------------------------+-------+-------++-------
Melee: War axe           |   122 |    75 ||   197
  Use: Scroll            |     3 |       ||     3
Armor: Scale mail        |    39 |       ||    39
       Chain mail        |    21 |    58 ||    79
Dodge: Dodged            |    49 |    24 ||    73
Block: Buckler           |    21 |    14 ||    35

Table legend:
 A = Non-vault XP
 B = Vault XP
 C = Vault XP percentage of total XP
 D = Non-vault monster count
 E = Vault monster count
 F = Vault count percentage of total count
                 A         B        C        D         E       F
            +---------+---------+-------+---------+---------+-------
      Total |     124 |      23 |  15.6 |      47 |       6 |  11.3
            +---------+---------+-------+---------+---------+-------
        D:1 |      40 |       0 |   0.0 |      25 |       0 |   0.0
        D:2 |      84 |      23 |  21.5 |      22 |       6 |  21.4
            +---------+---------+-------+---------+---------+-------
